 Dungeon Crawl Stone Soup version 0.31-a0-229-g1fc7ce93e2 (webtiles) character file.

Game seed: 7151109600705554293

144 qw the Shooter (level 5, 0/30 HPs)
             Began as a Gargoyle Hexslinger on July 6, 2023.
             Slain by a kobold brigand
             ... wielding a +0 club
              (2 damage)
             ... in a sewer.
             The game lasted 00:00:56 (2354 turns).

qw the Shooter (Gargoyle Hexslinger)                Turns: 2354, Time: 00:00:56

Health: 0/30       AC:  7    Str: 18    XL:     5   Next: 26%
Magic:  6/6        EV: 11    Int: 13    God:
Gold:   135        SH:  5    Dex: 14    Spells: 5/6 levels left

rFire   . . .        Y - +3 sling
rCold   . . .        (no shield)
rNeg    + . .        d - +0 leather armour
rPois   inf          (no helmet)
rElec   +            (no cloak)
rCorr   .            (no gloves)
SInv    .            (no boots)
Will    .....        k - amulet of reflection
Stlth   +            b - +6 ring of strength
HPRegen 0.25/turn    (no ring)
MPRegen 0.10/turn

%: reflection
@: no status effects
A: sickness immunity, AC +4, negative energy resistance 1, electricity
resistance, torment resistance 1, petrification resistance
a: no special abilities


You were in a sewer.
You visited 1 branch of the dungeon, and saw 4 of its levels.
You also visited: Sewer.

You collected 135 gold pieces.


Innate Abilities, Weirdness & Mutations

You are immune to sickness and miasma.
Your stone body is resilient. (AC +4)
You are immune to poison.
You resist negative energy. (rN+)
You are resistant to electric shocks. (rElec)
You are resistant to unholy torment.
You are immune to petrification.


   Skills:
 + Level 2.1 Fighting
 - Level 5.0 Ranged Weapons
 - Level 1.5 Dodging
 - Level 1.0 Spellcasting
 - Level 2.6 Hexes


You had 5 spell levels left.
You knew the following spells:

 Your Spells              Type           Power      Damage    Failure   Level
a - Slow                  Hex            28%        N/A       11%         1

Your spell library contained the following spells:

 Spells                   Type           Power      Damage    Failure   Level
 Inner Flame              Hex/Fire       4%         N/A       50%         3
 Portal Projectile        Hex/Tloc       8%         N/A       50%         3
 Cause Fear               Hex            3%         N/A       73%         4

Inventory:

Hand Weapons
 Y - a +3 sling (weapon)
Armour
 d - a +0 leather armour (worn)
Jewellery
 b - a +6 ring of strength (left hand)
 k - an amulet of reflection (around neck)
Scrolls
 h - a scroll of identify
Potions
 f - a potion of cancellation {unknown}

Dungeon Overview and Level Annotations

Branches:
Dungeon (4/15)              Sewer (1/1)
 Temple: D:4-7

Altars:

Annotations:
D:3 3 runed translucent doors, qw's ghost, amateur GrHs Sewer Grinder


Message History

You see here a +0 whip.
You shoot a sling bullet.
The sling bullet closely misses the kobold brigand.
The sling bullet hits the ball python.
The ball python is severely wounded.
You block the kobold's attack.
The giant cockroach waves its antennae.
The giant cockroach bites you but does no damage.
The kobold brigand closely misses you.
The shadow imp laughs crazily.
The kobold hits you but does no damage.
You shoot a sling bullet.
The sling bullet barely misses the kobold brigand.
The sling bullet closely misses the ball python.
The sling bullet closely misses the kobold.
The sling bullet hits Grinder.
Grinder is lightly wounded.
The giant cockroach bites you but does no damage.
Grinder blinks!
The kobold brigand hits you with a +0 club.
A kobold comes into view. It is wielding a +0 short sword.
The kobold barely misses you.
You shoot a sling bullet.
The sling bullet hits the kobold brigand.
The kobold brigand is lightly wounded.
The giant cockroach bites you but does no damage.
The kobold brigand hits you with a +0 club.
The kobold hits you but does no damage.
The giant cockroach bites you but does no damage.
You shoot a sling bullet.
The sling bullet hits the kobold brigand.
The kobold brigand is lightly wounded.
The kobold brigand hits you with a +0 club.
You block the giant cockroach's attack. The kobold closely misses you.
You shoot a sling bullet.
The sling bullet hits the kobold brigand.
The kobold brigand is moderately wounded.
The giant cockroach bites you but does no damage.
The kobold brigand hits you with a +0 club.
You die...

#~~~~.~~~~ ~~~~~
##~################
#~~.)..~~~~~~~~
#~~.#.~~~~~~~~~~~~~
#~~.#.~~~~~~~~~~~~~ .
#~~.#.~~~~~~~~~~~~~ ''
#~..#...~~~~~~~~~~~ ...
#~~.#...~~~~~~~~~~~ .}..
##@####.#~###~~#~##
....K#KBK#~~............
._.}KS5{b~~~~.)...))....
..)K5#...#~~............
.}KK###.####.###~##~##~#
.... #~~.#...~~~~~~~~~~~


''' #~~.#..~~~~~~~~~~~~ .. #~~.#.~~~~~~~~~~~~~ #~~.#.~~~~~~~~~~~~~ You could see
Grinder, a kobold brigand, a shadow imp, a giant cockroach, a bat, a ball python
and 5 kobolds.

Vanquished Creatures
  6 adders
  2 ufetubi (Sewer)
  A worm (D:4)
  2 dart slugs
  6 ball pythons
  6 endoplasms
  5 giant cockroaches
  4 hobgoblins
  7 jackals
  A quokka (D:1)
  4 bats
  5 frilled lizards
  A giant cockroach zombie (Sewer)
  5 goblins
  16 kobolds
  6 rats
77 creatures vanquished.

Notes
Turn   | Place    | Note
-------+----------+-------------------------------------------
     0 | D:1      | qw the Gargoyle Hexslinger began the quest for the Orb.
     0 | D:1      | Reached XP level 1. HP: 12/12 MP: 2/2
     0 | D:1      | 0 ||| qw: Version: 0.3-a-46-gb1f654a
     0 | D:1      | 0 ||| qw: Game counter: 1680
     0 | D:1      | 0 ||| qw: Melee chars always use a shield: true
     0 | D:1      | 0 ||| qw: God list: Okawaru
     0 | D:1      | 0 ||| qw: Allow faded altars: false
     0 | D:1      | 0 ||| qw: Do Orc after clearing Dungeon:15 true
     0 | D:1      | 0 ||| qw: Do second Lair branch before Depths: true
     0 | D:1      | 0 ||| qw: Lair rune preference: random
     0 | D:1      | 0 ||| qw: Goals: Normal
     0 | D:1      | 0 ||| PLANNING D:1-11
   186 | D:1      | Reached XP level 2. HP: 16/16 MP: 3/3
   693 | D:1      | Reached skill level 3 in Ranged Weapons
   848 | D:1      | 848 ||| UPGRADING to +0 leather armour.
   858 | D:1      | 858 ||| DROPPING +0 robe.
   859 | D:1      | 859 ||| UPGRADING to amulet of reflection.
   864 | D:1      | 864 ||| DROPPING +6 ring of intelligence.
   865 | D:1      | 865 ||| READING scroll labelled HOTETZOCK.
   868 | D:1      | 868 ||| READING 2 scrolls labelled ETIBRI LOTOSCH.
   869 | D:1      | 869 ||| READING scroll labelled KABEDO OCAIRO.
   870 | D:1      | 870 ||| DRINKING 2 bubbling blue potions.
   871 | D:1      | 871 ||| DROPPING scroll of poison.
   872 | D:1      | 872 ||| DROPPING potion of attraction.
   953 | D:2      | Reached XP level 3. HP: 20/21 MP: 4/4
  1191 | D:2      | 1191 ||| READING scroll of enchant weapon.
  1191 | D:2      | 1191 ||| ENCHANTING +2 sling.
  1293 | D:2      | Reached XP level 4. HP: 26/26 MP: 5/5
  1396 | D:2      | 1396 ||| UPGRADING to +6 ring of strength.
  1397 | D:2      | 1397 ||| READING 2 scrolls of identify.
  1397 | D:2      | 1397 ||| IDENTIFYING purple potion
  1398 | D:2      | 1398 ||| DROPPING potion of berserk rage.
  1535 | D:3      | Reached skill level 4 in Ranged Weapons
  1601 | D:3      | Found a runed translucent gate.
  1601 | D:3      | Found a runed translucent gate.
  1815 | D:3      | Found a faded altar of an unknown god.
  1855 | D:3      | Found a runed translucent gate.
  1860 | D:3      | Noticed qw's ghost (amateur GrHs)
  2120 | D:3      | 2120 ||| READING scroll labelled WUSODGH XATIYRA.
  2121 | D:3      | 2121 ||| READING scroll labelled QURGHE EKIV.
  2122 | D:3      | 2122 ||| READING 2 scrolls of identify.
  2122 | D:3      | 2122 ||| IDENTIFYING silvery potion
  2123 | D:3      | 2123 ||| DROPPING potion of ambrosia.
  2142 | D:4      | 2142 ||| PLANNING SEWER
  2165 | D:4      | Found a glowing drain.
  2217 | D:4      | Reached XP level 5. HP: 30/30 MP: 6/6
  2229 | Sewer    | Entered a sewer
  2312 | Sewer    | Reached skill level 5 in Ranged Weapons
  2333 | Sewer    | Noticed a kobold brigand
  2333 | Sewer    | 2333 ||| Stepping ~*~*~tactically~*~*~ (outnumbered).
  2333 | Sewer    | Found an ancient bone altar of Kikubaaqudgha.
  2335 | Sewer    | 2335 ||| Stepping ~*~*~tactically~*~*~ (outnumbered).
  2336 | Sewer    | 2336 ||| Stepping ~*~*~tactically~*~*~ (outnumbered).
  2337 | Sewer    | 2337 ||| Stepping ~*~*~tactically~*~*~ (outnumbered).
  2338 | Sewer    | 2338 ||| Stepping ~*~*~tactically~*~*~ (outnumbered).
  2338 | Sewer    | Noticed Grinder
  2341 | Sewer    | Noticed a phantom
  2349 | Sewer    | 2349 ||| Stepping ~*~*~tactically~*~*~ (outnumbered).
  2352 | Sewer    | HP: 7/30 [kobold brigand/+0 club (2)]
  2353 | Sewer    | HP: 1/30 [kobold brigand/+0 club (6)]
  2354 | Sewer    | Slain by a kobold brigand

Levels and vault maps discovered:
D:1:      zaba_arrival_water, layout_basic
D:2:      layout_loops_cross
D:3:      layout_basic, biasface_ghost_orc_armoury,
          shapermc_ecumenical_altar_venn
D:4:      minmay_goblin_kobold_castle, layout_rooms,
          lemuel_coloured_pillars_altar, mainiacjoe_overflow_chevrons,
          gup_sewer_entry_glass, uniq_pikel
Sewer:    kennysheep_sewer_church

Skill      XL: |  1  2  3  4  5 |
---------------+----------------+-----
Ranged Weapons | 3 4 5 |  5.0
Fighting       | 2 |  2.1
Dodging        | |  1.5
Spellcasting   | |  1.0
Hexes          | |  2.6

Action                     |  1- 3 |  4- 6 || total
---------------------------+-------+-------++-------
   Fire: Sling             |    75 |   126 ||   201
    Use: Scroll            |     4 |     4 ||     8
         Potion            |     1 |       ||     1
 Armour: Leather armour    |    14 |    49 ||    63
  Dodge: Dodged            |    15 |    62 ||    77
  Block: Other             |     9 |    22 ||    31
         Reflection        |       |     2 ||     2

Table legend:
 A = Non-vault XP
 B = Vault XP
 C = Vault XP percentage of total XP
 D = Non-vault monster count
 E = Vault monster count
 F = Vault count percentage of total count
                 A         B        C        D         E       F
            +---------+---------+-------+---------+---------+-------
      Total |     154 |      52 |  25.2 |      57 |      20 |  26.0
            +---------+---------+-------+---------+---------+-------
        D:1 |      19 |       0 |   0.0 |      12 |       0 |   0.0
        D:2 |      65 |       0 |   0.0 |      18 |       0 |   0.0
        D:3 |      38 |       0 |   0.0 |      18 |       0 |   0.0
        D:4 |      32 |      21 |  39.6 |       9 |       5 |  35.7
      Sewer |       0 |      31 | 100.0 |       0 |      15 | 100.0
            +---------+---------+-------+---------+---------+-------
